Map: Blood Boil LE

Players

JAYTON

  • Race: Terran Terran
  • League: Bronze
  • Spawn Location: 5:00

Juxtapose - Winner!

  • Race: Terran Terran
  • Spawn Location: 11:00

VOD

https://youtu.be/3QgsP32f-d8

Description

My final match of the evening and I drew Terran this time. Another fun match in which my opponent tried proxy Barracks and Bunkers.

I had Siege Tanks.

Time

  • Played on: May 9, 2017, 8:59 p.m.
  • Length: 9:19
Show
View Real Time Build Order
Export as new Build Order

JAYTON Terran 

Build Orders:  

Get SALT Encoding   

  12  0:00  Unknown  
  12  0:04  SCV  
  13  0:21  SCV  
  14  0:36  Supply Depot  
  14  0:37  SCV  
  15  1:05  Barracks  
  15  1:18  SCV  
  16  1:33  Barracks  
  16  1:39  Refinery  
  16  1:41  SCV  
  17  1:53  Supply Depot, SCV  
  18  2:00  Marine  
  19  2:05  SCV  
  20  2:18  Orbital Command, Marine  
  21  2:29  Barracks Reactor  
  21  2:38  Supply Depot  
  21  3:02  Barracks  
  21  3:07  Marine x2  
  22  3:25  Marine x2, SCV  
  24  3:37  SCV  
  24  3:38  Factory  
  25  3:43  Marine x2  
  27  3:51  Barracks Tech Lab  
  27  4:00  Bunker, Marine  
  27  4:01  Marine  
  29  4:11  Marauder  
  29  4:13  Combat Shields  
  31  4:18  Marine  
  31  4:19  Marine  
  31  4:22  Marine  
  34  4:31  Bunker  
  34  4:32  Marauder  
  34  4:36  Marine x2  
  38  4:53  Marine  
  38  4:54  Supply Depot  
  39  5:02  Bunker  
  37  5:11  Marine  
  37  5:12  Factory Tech Lab  
  30  5:16  Marine  
  24  5:34  Marine  
  24  5:45  Marauder  
  17  6:42  Orbital Command  
  4  7:14  SCV  
  5  7:26  SCV  
  6  7:30  Factory Tech Lab  
  6  8:09  SCV  
Show
View Real Time Build Order
Export as new Build Order

Juxtapose Terran - Winner!

Build Orders:  

Get SALT Encoding   

  12  0:00  Unknown  
  12  0:01  SCV  
  13  0:13  SCV  
  14  0:19  Supply Depot  
  14  0:25  SCV  
  15  0:41  SCV  
  16  0:45  Barracks  
  16  0:53  SCV  
  16  0:54  Supply Depot  
  17  1:05  Refinery, SCV  
  18  1:17  SCV  
  19  1:29  Barracks, SCV  
  20  1:40  Marine  
  20  1:41  SCV  
  22  1:53  SCV  
  23  1:59  Reaper  
  24  2:02  Refinery  
  24  2:05  SCV  
  25  2:15  Supply Depot  
  25  2:17  Barracks Tech Lab  
  26  2:25  Orbital Command  
  25  2:32  Engineering Bay  
  25  2:39  Barracks Reactor  
  25  2:44  Factory  
  25  2:52  SCV  
  26  3:08  Command Center  
  26  3:24  Reaper x2  
  28  3:34  Factory Tech Lab  
  28  3:56  Marine x3  
  31  4:04  Supply Depot  
  31  4:11  Siege Tank  
  34  4:22  Bunker  
  34  4:31  Terran Infantry Weapons Level 1  
  34  4:39  Marine x3  
  34  4:43  Siege Tank  
  40  4:57  Marine  
  41  5:24  Marine x3  
  41  5:26  Orbital Command  
  44  5:35  Refinery  
  44  5:41  Marine  
  45  5:56  Marine x2  
  47  5:58  Combat Shields  
  47  5:59  Marine  
  47  6:02  Siege Tank  
  51  6:14  Marine  
  52  6:22  Starport, Supply Depot  
  52  6:26  Terran Infantry Armor Level 1  
  49  6:56  Marine x3  
  52  7:14  Marine x2  
  54  7:17  Starport Reactor  
  54  7:18  Stimpack  
  54  7:56  SCV x2  
  56  8:05  Viking x2  
  60  8:08  SCV x2  
  60  8:11  Marine x2  
  60  8:12  Marine  
  65  8:16  Supply Depot  
  65  8:20  SCV x2  
  67  8:32  SCV x2  
  69  8:39  Supply Depot  
  69  8:44  SCV  
  69  8:45  SCV  
  74  9:10  Command Center  
Tags
 
League
Bronze
Matchup
TvT
Race
Terran
Spawn Locations
Cross Positions
Add a new tag
Caveats
  • Supply blocks, unpowered buildings, or Contaminate may cause inaccurate times.
  • Supply counts are checked every 10 seconds.